 Dungeon Crawl Stone Soup version 0.32-a0-933-ga8fa363 (webtiles) character file.

Game seed: 16832952198201344496

196 kjh0035 the Chopper (level 5, -3/33 HPs)
             Began as a Gargoyle Fighter on Apr 14, 2024.
             Slain by a gnoll
             ... wielding a +0 halberd
              (11 damage)
             ... on level 4 of the Dungeon.
             The game lasted 00:03:02 (2522 turns).

kjh0035 the Chopper (Gargoyle Fighter)              Turns: 2522, Time: 00:03:02

Health: -3/33      AC: 15    Str: 21    XL:     5   Next: 75%
Magic:  5/5        EV:  8    Int:  9    God:
Gold:   97         SH:  4    Dex:  9    Spells: 4/4 levels left

rFire   . . .        a - +0 war axe
rCold   . . .        c - +0 buckler
rNeg    + . .        b - +0 scale mail
rPois   ∞            u - +0 helmet
rElec   +            (no cloak)
rCorr   .            m - +0 pair of gloves
SInv    .            v - +1 pair of boots
Will    .....        (no amulet) Stlth
                     (no ring)
HPRegen 0.25/turn    (no ring)
MPRegen 0.09/turn

%: no passive effects
@: no status effects
A: sickness immunity, AC +4, negative energy resistance 1, electricity
resistance, torment resistance 1, petrification resistance
a: no special abilities


You were on level 4 of the Dungeon.
You visited 1 branch of the dungeon, and saw 4 of its levels.

You collected 167 gold pieces.
You spent 70 gold pieces at shops.

Inventory:

Hand Weapons
 a - a +0 war axe (weapon)
Armour
 b - a +0 scale mail (worn)
 c - a +0 buckler (worn)
 m - a +0 pair of gloves (worn)
 u - a +0 helmet (worn)
 v - a +1 pair of boots (worn)
Jewellery
 s - an amulet of guardian spirit
Wands
 t - a wand of flame (11)
Scrolls
 f - a scroll of identify
 g - 2 scrolls of fear
 l - a scroll of noise
 r - a scroll of vulnerability
Potions
 d - 2 potions of might
 h - a potion of mutation
 j - a potion of berserk rage
 n - a potion of curing
 o - 2 potions of invisibility
 p - a potion of cancellation
 q - 2 potions of degeneration {unknown}


   Skills:
 - Level 4.0 Fighting
 + Level 4.1 Axes
 - Level 4.0 Armour
 - Level 4.0 Shields


You had 4 spell levels left.
You didn't know any spells.
Your spell library was empty.

Dungeon Overview and Level Annotations

Branches:
Dungeon (4/15)
 Temple: D:4-7

Altars:

Shops:
D:2 *   D:3 [   D:4 [

Annotations:
D:4 3 runed translucent doors, ddoljuk's ghost, amateur TrSh


Innate Abilities, Weirdness & Mutations

You are immune to sickness and miasma.
Your stone body is resilient. (AC +4)
You are immune to poison.
You resist negative energy. (rN+)
You are resistant to electric shocks. (rElec)
You are resistant to unholy torment.
You are immune to petrification.


Message History

There are monsters nearby!
You barely miss the gnoll. The gnoll hits you but does no damage.
You barely miss the gnoll. The gnoll closely misses you.
You slash the gnoll!
The gnoll is severely wounded.
The gnoll closely misses you. The gnoll hits you but does no damage.
The gnoll closely misses you. The gnoll hits you but does no damage.
You barely miss the gnoll.
The gnoll is severely wounded.
The gnoll barely misses you. The gnoll closely misses you.
You hit the gnoll but do no damage.
The gnoll is severely wounded.
The gnoll hits you from afar with a +0 halberd!
The gnoll hits you with a +0 whip.
You barely miss the gnoll.
The gnoll is severely wounded.
The gnoll hits you from afar with a +0 halberd.
The gnoll hits you with a +0 whip. The gnoll hits you but does no damage.
You block the gnoll's attack.
You hit the gnoll.
The gnoll is almost dead.
The gnoll hits you from afar with a +0 halberd.
The gnoll closely misses you.
You are too injured to fight recklessly!
You are too injured to fight recklessly!
You are too injured to fight recklessly!
You hit the gnoll but do no damage.
The gnoll is almost dead.
The gnoll barely misses you. The gnoll hits you but does no damage.
You hit the gnoll.
You kill the gnoll!
The gnoll hits you but does no damage. x2
Ddoljuk's ghost turns its malevolent gaze towards you.
The gnoll hits you with a +0 halberd!
* * * LOW HITPOINT WARNING * * *
Things that are here:
a +0 whip; a +0 ring mail; a quokka corpse The steam dragon hisses angrily.
You hit the gnoll but do no damage. The gnoll hits you with a +0 halberd!
You die...

.....# #.#...#..#.#..#...#####
#...## #.....#.#...#.#...# #
##.## ###...#..?[...#...# # #.#
###..#..WD...#...# #.#
#....#########...# ##'##
#.#..............# # #...##
#.#,...,,........# # .....##
#.#*#g#*,#######.# # ......##
##.###@#*,* ##..# ##
.......####...##.##.#####...####.
....<..'.......................'.
.......####...##.######.....####.
......## ##.......,* #B##.## ##
.....## #.###.##.# #w#### #
#...## #.# #.#*,# #.# # ##'##
#.#*#.##.###w#### # #.#
#.#*..##.w..)...# #


You could see a steam dragon, ddoljuk's ghost and a gnoll.

Vanquished Creatures
  A bombardier beetle (D:4)
  Robin (D:3)
  2 adders (D:2)
  3 gnolls (D:4)
  A river rat (D:3)
  2 ribbon worms
  2 dart slugs
  5 orcs
  6 endoplasms
  4 giant cockroaches (D:3)
  17 goblins
  7 jackals
  5 kobolds
  A quokka (D:4)
  6 ball pythons
  4 bats
  3 frilled lizards
  8 rats
78 creatures vanquished.

Notes
Turn   | Place    | Note
-------+----------+-------------------------------------------
     0 | D:1      | kjh0035 the Gargoyle Fighter began the quest for the Orb.
     0 | D:1      | Reached XP level 1. HP: 14/14 MP: 1/1
   318 | D:1      | Reached XP level 2. HP: 19/19 MP: 2/2
   582 | D:1      | Found a faded altar of an unknown god.
   763 | D:2      | Reached XP level 3. HP: 23/23 MP: 3/3
  1083 | D:2      | Found Puejum's Assorted Antiques.
  1107 | D:2      | Bought a murky grey potion for 17 gold pieces
  1107 | D:2      | Bought a smoky clear potion for 17 gold pieces
  1107 | D:2      | Bought a bubbling white potion for 17 gold pieces
  1107 | D:2      | Bought a scroll labelled ASISEO FUGAS for 19 gold pieces
  1306 | D:3      | Found Racvuiwn's Antique Armour Emporium.
  1374 | D:3      | Noticed Robin
  1379 | D:3      | Reached XP level 4. HP: 27/29 MP: 4/4
  1399 | D:3      | Killed Robin
  2199 | D:4      | Reached XP level 5. HP: 22/33 MP: 5/5
  2263 | D:4      | Found Sul Upeu's Armour Emporium.
  2278 | D:4      | Noticed ddoljuk's ghost (amateur TrSh)
  2279 | D:4      | Noticed a steam dragon
  2280 | D:4      | Found a runed translucent gate.
  2280 | D:4      | Found a runed translucent gate.
  2349 | D:4      | Found a runed translucent gate.
  2522 | D:4      | Slain by a gnoll

Illustrated notes

Levels and vault maps discovered:
D:1:      orjb1_lava_funnel, layout_basic, shapermc_ecumenical_altar_petra
D:2:      layout_basic, serial_shops, nicolae_shop_tiny_statue_garden
D:3:      layout_basic, serial_shops, nicolae_shop_overgrown_old_shop,
          portal_sewer_entry_e, hangedman_decor_peaks_small,
          minmay_misc_feat_hallway, uniq_robin
D:4:      layout_loops_corners, gammafunk_ghost_split, serial_shops,
          nicolae_shop_just_a_little_nook

Skill      XL: |  1  2  3  4  5 |
---------------+----------------+-----
Axes           | 2 3 4 |  4.1
Fighting       | 4 |  4.0
Shields        | 4 |  4.0
Armour         | 4 |  4.0

Action                     |  1- 3 |  4- 6 || total
---------------------------+-------+-------++-------
  Melee: War axe           |    81 |   120 ||   201
    Use: Scroll            |       |    13 ||    13
 Armour: Scale mail        |    69 |   120 ||   189
  Dodge: Dodged            |    29 |    72 ||   101
  Block: Buckler           |    19 |    21 ||    40

Table legend: (Time is in decaauts)
 A = Elapsed time spent in this place.
 B = Non-inter-level travel time spent in this place.
 C = Inter-level travel time spent in this place.
 D = Time resting spent in this place.
 E = Time spent auto-exploring this place.
 F = Levels seen in this place.
 G = Mean time per level.
                   A        B        C        D        E       F      G
               +--------+--------+--------+--------+--------+-----+--------+
         Total |   2605 |   2521 |     84 |      0 |   1967 |   4 |  651.2 |
       Dungeon |   2605 |   2521 |     84 |      0 |   1967 |   4 |  651.2 |
               +--------+--------+--------+--------+--------+-----+--------+

Top non-repeatable levels by time:
     D:3: 1035 daAuts
     D:1: 738 daAuts
     D:2: 478 daAuts
     D:4: 353 daAuts
